 Dungeon Crawl Stone Soup version 0.31-a0-750-gfe7b580527 (webtiles) character file.

Game seed: 14171245585862119133

135 heikuro the Shield-Bearer (level 5, -1/42 HPs)
             Began as a Formicid Fighter on Sept 15, 2023.
             Slain by Duvessa
             ... wielding a +0 short sword
              (4 damage)
             ... on level 3 of the Dungeon.
             The game lasted 00:08:13 (2301 turns).

heikuro the Shield-Bearer (Formicid Fighter)        Turns: 2301, Time: 00:08:14

Health: -1/42      AC:  7    Str: 23    XL:     5   Next: 42%
Magic:  5/5        EV:  9    Int:  7    God:
Gold:   152        SH:  5    Dex: 13    Spells: 4/4 levels left

rFire   . . .        a - +0 war axe
rCold   . . .        c - +0 buckler
rNeg    . . .        o - +0 scale mail
rPois   .            (helmet unavailable)
rElec   .            (no cloak)
rCorr   .            (no gloves)
SInv    +            (no boots)
Will    .....        f - amulet of magic regeneration Stlth
                     (no ring)
HPRegen 0.27/turn    (no ring)
MPRegen 0.49/turn

%: no passive effects
@: no status effects
A: permanent stasis, dig shafts and tunnels, antennae 3, four strong arms
a: Dig, Shaft Self


You were on level 3 of the Dungeon.
You visited 1 branch of the dungeon, and saw 4 of its levels.

You collected 152 gold pieces.

Inventory:

Hand Weapons
 a - a +0 war axe (weapon)
 b - a +1 sling of draining
 g - a +1 dagger of draining
Armour
 c - a +0 buckler (worn)
 o - a +0 scale mail (worn)
Jewellery
 e - a ring of ice
 f - an amulet of magic regeneration (around neck)
 l - a ring of wizardry
Scrolls
 h - 2 scrolls of poison {unknown}
 i - a scroll of summoning {unknown}
 p - a scroll of identify {unknown}
 q - 2 scrolls of teleportation {unknown}
Potions
 d - a potion of might
 j - a potion of curing {unknown}
 k - a potion of berserk rage {unknown}
 m - a potion of degeneration {unknown}
 n - a potion of ambrosia {unknown}
 r - a potion of attraction {unknown}


   Skills:
 + Level 4.0 Fighting
 * Level 3.5 Axes
 + Level 4.0 Armour
 + Level 4.9 Shields


You had 4 spell levels left.
You didn't know any spells.
Your spell library contained the following spells:

 Spells                   Type           Power      Damage    Failure   Level
 Summon Small Mammal      Summ           0%         N/A       80%         1
 Cigotuvi's Dreadful Rot  Necr/Pois/Air  0%         N/A       91%         2
 Call Canine Familiar     Summ           0%         N/A       99%         3
 Ignite Poison            Fire/Tmut/Pois 0%         N/A       99%         3
 Summon Guardian Golem    Hex/Summ       0%         N/A       99%         3
 Sticky Flame             Conj/Fire      0%         2d3       100%        4
 Freezing Cloud           Conj/Ice/Air   0%         6-21      100%        5
 Ignition                 Fire           0%         3d3       100%        8


Dungeon Overview and Level Annotations

Branches:
Dungeon (4/15)
 Temple: D:4-7

Altars:
Fedhas

Shops:
D:1 *   D:3 :

Annotations:
D:3 Dowan, Duvessa


Innate Abilities, Weirdness & Mutations

You cannot be hasted, slowed, berserked, paralysed or teleported.
You can dig through walls and to a lower floor.
You have a pair of large antennae on your head. (SInv)
Your four strong arms can wield two-handed weapons with a shield.


Message History

You hit Dowan.
Dowan is lightly wounded.
You slash the howler monkey! You barely miss Duvessa. You hit the ufetubus.
The ufetubus hits you.
The ufetubus hits you but does no damage.
The howler monkey hits you but does no damage.
Dowan hits you with a +0 dagger. Duvessa hits you with a +0 short sword.
You block the ufetubus's attack. The ufetubus closely misses you.
You slash Duvessa!
Duvessa is moderately wounded.
You hit the ufetubus but do no damage. You hit Dowan.
You barely miss the howler monkey. The howler monkey barely misses you.
The ufetubus hits you but does no damage. x2
Dowan hits you with a +0 dagger. Duvessa closely misses you.
You block the howler monkey's attack. The ufetubus barely misses you.
You block the ufetubus's attack.
You slash Duvessa!
Duvessa is severely wounded.
You barely miss the howler monkey. You slash the ufetubus!
You kill the ufetubus!
You miss Dowan. Duvessa barely misses you. Dowan barely misses you.
The howler monkey hits you but does no damage.
Dowan closely misses you.
Duvessa says, "When magic and the sword combine, nothing stands against them."
Duvessa hits you with a +0 short sword!
* * * LOW HITPOINT WARNING * * *
The howler monkey hoots and howls with incredible vigour!
The dart slug briefly extends its eye-stalks.
Dowan hits you with a +0 dagger.
* * * LOW HITPOINT WARNING * * *
You hear an angry hiss.
You hear a shout!
You hear a bark!
You hear a shout! x5
You hear an angry hiss.
You hear a shout! x4; You hear a bark!
There is a stone staircase leading up here.
Duvessa closely misses you. Dowan hits you with a +0 dagger.
* * * LOW HITPOINT WARNING * * *
You climb upwards.
There is a stone staircase leading down here.
Unknown command.
Duvessa hits you with a +0 short sword.
You die...

...#.#.# #.... ####.#.# #....
.....#.# ###### ####### #....
####...#####....# #.....# #....
...#...##.##'##.# #.###.# #....
.#.#...##.#♣.♣#####♣.♣##.####....
.#.#...##.##...###.†.##.....'...8
.#.#...##..##..e.e..##....###....
##.#........##..@..##.....# #<...
...#.....[...##♣.♣###.....# ###..
##.#..........#### ############..
.#.#.....#####.# #.........##..
.#.#.....# #.# #.........##.8
.#.#.##### #.# #.........##..
...#.# #.# #.........#### ####.#
#.# #.........# .....#
#####.#####.........#


You could see Duvessa and Dowan.

Vanquished Creatures
  A jelly (D:3)
  3 gnolls (D:3)
  An ufetubus (D:4)
  A worm (D:2)
  4 dart slugs
  An orc (D:3)
  2 endoplasms (D:3)
  2 giant cockroaches
  5 goblins
  7 hobgoblins
  4 jackals (D:2)
  5 quokkas
  6 ball pythons
  3 bats
  3 frilled lizards
  6 kobolds
  2 rats
56 creatures vanquished.

Notes
Turn   | Place    | Note
-------+----------+-------------------------------------------
     0 | D:1      | heikuro the Formicid Fighter began the quest for the Orb.
     0 | D:1      | Reached XP level 1. HP: 18/18 MP: 1/1
    29 | D:1      | Found Horghou's Assorted Antiques.
    49 | D:1      | Reached XP level 2. HP: 7/24 MP: 2/2
   560 | D:1      | Reached XP level 3. HP: 29/29 MP: 3/3
  1312 | D:2      | Found a faded altar of an unknown god.
  1369 | D:2      | Reached XP level 4. HP: 37/37 MP: 4/4
  1569 | D:3      | Found a blossoming altar of Fedhas.
  1612 | D:3      | Found Tuippa Qigo's Book Shoppe.
  2066 | D:3      | Reached XP level 5. HP: 42/42 MP: 5/5
  2290 | D:4      | Noticed Duvessa
  2290 | D:4      | Noticed Dowan
  2299 | D:4      | HP: 2/42 [Dowan/+0 dagger (6)]
  2301 | D:3      | Slain by Duvessa

Illustrated notes

Levels and vault maps discovered:
D:1:      psy_arrival_radial01, layout_basic, serial_shops, shop_fountains,
          nrook_loot_triangle
D:2:      layout_basic, dilly_ecumenical_altar_fadedgnrine, grunt_decor_cap
D:3:      layout_basic, mainiacjoe_overflow_surrounded_room, serial_shops,
          nicolae_book_shop_shelving, st_stairs_1,
          hangedman_decor_clover_reticule, grunt_ministairs_8, roderic_lattice_a
D:4:      layout_loops_ring, portal_sewer_entry_a, eino_tiny_chamber,
          uniq_pikel, uniq_duvessa, uniq_edmund

Skill      XL: |  1  2  3  4  5 |
---------------+----------------+-----
Axes           | 3 |  3.5
Fighting       | 4 |  4.0
Armour         | 4 |  4.0
Shields        | |  4.9

Action                     |  1- 3 |  4- 6 || total
---------------------------+-------+-------++-------
  Melee: War axe           |    85 |    29 ||   114
   Fire: Sling             |       |    29 ||    29
Ability: Dig               |       |     2 ||     2
 Armour: Scale mail        |    74 |    40 ||   114
  Dodge: Dodged            |    30 |    31 ||    61
  Block: Buckler           |    20 |    12 ||    32

Table legend: (Time is in decaauts)
 A = Elapsed time spent in this place.
 B = Non-inter-level travel time spent in this place.
 C = Inter-level travel time spent in this place.
 D = Time resting spent in this place.
 E = Time spent auto-exploring this place.
 F = Levels seen in this place.
 G = Mean time per level.
                   A        B        C        D        E       F      G
               +--------+--------+--------+--------+--------+-----+--------+
         Total |   2358 |   2226 |    132 |     16 |   1718 |   4 |  589.5 |
       Dungeon |   2358 |   2226 |    132 |     16 |   1718 |   4 |  589.5 |
               +--------+--------+--------+--------+--------+-----+--------+

Top non-repeatable levels by time:
     D:1: 857 daAuts
     D:3: 755 daAuts
     D:2: 734 daAuts
     D:4: 10 daAuts
